 Dungeon Crawl Stone Soup version 0.26-a0-651-gb41185065b (webtiles) character file.

Game seed: 17248723444805563633

(classic levelgen) 18 EnegeticOcto the Shield-Bearer (level 2, 0/27 HPs)
             Began as a Deep Dwarf Fighter on Oct 17, 2020.
             Slain by an orc wizard
             ... wielding a +3 dagger
              (1 damage)
             ... on level 3 of the Dungeon.
             The game lasted 00:00:12 (304 turns).

EnegeticOcto the Shield-Bearer (Deep Dwarf Fighter)  Turns: 304, Time: 00:00:13

Health: 0/27       AC:  6    Str: 19    XL:     2   Next: 48%
Magic:  2/2        EV:  7    Int:  8    God:
Gold:   7          SH:  0    Dex: 12    Spells: 1/1 levels left

rFire    . . .     SeeInvis .   a - +0 war axe
rCold    . . .     Faith    .   c - +0 kite shield
rNeg     . . .     Spirit   .   b - +0 scale mail
rPois    .         Reflect  .   (no helmet)
rElec    .         Harm     .   (no cloak)
rCorr    .         Rampage  .   (no gloves)
MR       .....                  (no boots)
Stlth    ..........             (no amulet)
HPRegen  0.00/turn              (no ring)
MPRegen  0.08/turn              (no ring)

@: confused, non-regenerating, slowed, very slow
A: damage resistance, heal wounds, sense surroundings 1, no regeneration
a: Heal Wounds


You were on level 3 of the Dungeon.
You visited 1 branch of the dungeon, and saw 3 of its levels.

You collected 7 gold pieces.

Inventory:

Hand Weapons
 a - a +0 war axe (weapon)
Armour
 b - a +0 scale mail (worn)
 c - a +0 kite shield (worn)
Scrolls
 e - a scroll of remove curse {unknown}
 f - a scroll of identify {unknown}
Potions
 d - a potion of might {@q3}
 g - a potion of berserk rage {unknown}


   Skills:
 + Level 2.8 Fighting
 * Level 2.8 Axes
 + Level 3.5 Armour
 + Level 3.5 Shields


You had one spell level left.
You didn't know any spells.
Your spell library was empty.

Dungeon Overview and Level Annotations

Branches:
Dungeon (3/15)

Altars:


Innate Abilities, Weirdness & Mutations

You are resistant to damage.
You can heal yourself by infusing magical energy.
You passively map a small area around you.
You do not regenerate.


Message History

The orc wizard hits you but does no damage.
The orc hits you with a cursed -1 whip.
You closely miss the orc wizard.
The orc wizard is severely wounded.
You hit the orc but do no damage. You block the orc wizard's attack.
The orc wizard hits you but does no damage.
The orc hits you but does no damage. The orc wizard casts a spell at you.
The magic dart hits you. You block the orc's attack.
You closely miss the orc wizard.
The orc wizard is severely wounded.
You slash the orc!
You kill the orc!
The orc wizard hits you but does no damage.
The orc wizard hits you with a cursed -3 dagger.
The orc wizard barely misses you. You block the orc's attack.
The orc wizard closely misses you.
You barely miss the orc wizard.
The orc wizard is severely wounded.
You closely miss something.
The orc wizard points at you and mumbles some strange words.
The magic dart hits you. The orc wizard barely misses you. Something hits you.
The orc wizard barely misses you. Something hits you but does no damage.
You are too injured to fight recklessly!
You are too injured to fight recklessly!
You are too injured to fight recklessly!
You are too injured to fight recklessly!
You are too injured to fight recklessly!
You are too injured to fight recklessly!
You are too injured to fight recklessly!
You are too injured to fight recklessly!
You are too injured to fight recklessly!
You are too injured to fight recklessly!
You are too injured to fight recklessly!
You are too injured to fight recklessly!
You are too injured to fight recklessly!
You are too injured to fight recklessly!
You are too injured to fight recklessly!
You are too injured to fight recklessly!
You are too injured to fight recklessly!
You are too injured to fight recklessly!
You are too injured to fight recklessly!
You are too injured to fight recklessly!
You are too injured to fight recklessly!
You fail to use your ability.
You block the orc wizard's attack. Something hits you.
The orc wizard hits you but does no damage.
Something hits you but does no damage.
You are too injured to fight recklessly!
You are too injured to fight recklessly!
You are too injured to fight recklessly!
You are too injured to fight recklessly!
You are too injured to fight recklessly!
You are too injured to fight recklessly!
You fail to use your ability.
You block the orc wizard's attack. The orc wizard barely misses you.
Something hits you but does no damage.
The orc wizard hits you but does no damage.
You are too injured to fight recklessly!
You are too injured to fight recklessly!
You are too injured to fight recklessly!
You are too injured to fight recklessly!
You are too injured to fight recklessly!
You are too injured to fight recklessly!
You are too injured to fight recklessly!
You are too injured to fight recklessly!
You are too injured to fight recklessly!
You are too injured to fight recklessly!
You are too injured to fight recklessly!
You are too injured to fight recklessly!
You are too injured to fight recklessly!
You are too injured to fight recklessly!
You are too injured to fight recklessly!
You fail to use your ability.
You block the orc wizard's attack. Something hits you.
* * * LOW HITPOINT WARNING * * *
The orc wizard casts a spell at you.
The magic dart hits you but does no damage.
You hear some strange, mumbled words.
You are confused.
You're too confused!
You are too injured to fight recklessly!
You are too injured to fight recklessly!
You are too injured to fight recklessly!
You're too confused!
You're too confused!
You bump into the rock wall.
The orc wizard barely misses you. The orc wizard casts a spell at you.
The magic dart hits you.
* * * LOW HITPOINT WARNING * * *
Something hits you but does no damage.
You're too confused to move!
The orc wizard barely misses you. Something hits you but does no damage.
The orc wizard hits you but does no damage.
Something hits you but does no damage.
You bump into the rock wall.
The orc wizard hits you but does no damage.
The orc wizard hits you with a cursed -3 dagger.
* * * LOW HITPOINT WARNING * * *
Something hits you.
You die...

, ,*,, , ,,.#,,,
* ######.# , *
#<)..#.# , **
#..#.#.# , # , ,
#....#.# .#
#....#.# ,..# ,
,#......# ...# ,
#.#....###....##
*
#......o@{o.....
*
###....###o.####
* , #....#
*,...., , #....#
, ####* * #....#
,* , #....# * *
* * #....# * *
.....* , ,


You could see an orc wizard (fast) and 2 orcs.

Vanquished Creatures
  An adder (D:2)
  An orc (D:3)
  A ball python (D:3)
  3 hobgoblins
  A bat (D:2)
  A frilled lizard (D:2)
8 creatures vanquished.

Notes
Turn   | Place    | Note
-------+----------+-------------------------------------------
     0 | D:1      | EnegeticOcto the Deep Dwarf Fighter began the quest for the
                  | Orb.
     0 | D:1      | Reached XP level 1. HP: 20/20 MP: 1/1
   238 | D:2      | Reached XP level 2. HP: 20/27 MP: 2/2
   304 | D:3      | HP: 1/27 [orc wizard/cursed -3 dagger (2)]
   304 | D:3      | Slain by an orc wizard

Illustrated notes

Levels and vault maps discovered:
D:1:      lordsloth_arrival_two_stooges, layout_basic
D:2:      layout_basic, serial_glass, glass_columns_b, glass_columns_a,
          minmay_tall_x
D:3:      layout_basic, uniq_terence

Action                   || total
-------------------------++-------
Melee: War axe           ||    34
Armor: Scale mail        ||    32
Dodge: Dodged            ||    16
Block: Kite shield       ||    21

Table legend: (Time is in decaauts)
 A = Elapsed time spent in this place.
 B = Non-inter-level travel time spent in this place.
 C = Inter-level travel time spent in this place.
 D = Time resting spent in this place.
 E = Time spent auto-exploring this place.
 F = Levels seen in this place.
 G = Mean time per level.
                   A        B        C        D        E       F      G
               +--------+--------+--------+--------+--------+-----+--------+
         Total |    326 |    262 |     64 |      0 |    176 |   3 |  108.7 |
       Dungeon |    326 |    262 |     64 |      0 |    176 |   3 |  108.7 |
               +--------+--------+--------+--------+--------+-----+--------+

Top non-repeatable levels by time:
     D:1: 144 daAuts
     D:2: 141 daAuts
     D:3: 40 daAuts
